 Dungeon Crawl Stone Soup version 0.15-a0-1995-g7e6aeab (webtiles) character file.

475 FiftyNine the Poker (level 7, -7/48 HPs)
             Began as a Human Wanderer on July 11, 2014.
             Killed from afar by FiftyNine's ghost (25 damage)
             ... with a stone arrow
             ... on Level 5 of the Dungeon.
             The game lasted 00:24:15 (5701 turns).

FiftyNine the Poker (Human Wanderer)                Turns: 5701, Time: 00:24:15

HP  -7/48        AC  5     Str 14      XL: 7   Next: 32%
MP  16/18        EV  9     Int 14      God:
Gold 103         SH  0     Dex 12      Spells:  1 memorised,  7 levels left

rFire  . . .     SeeInvis .     a - +2 spear (curse)
rCold  . . .     Clarity  .     e - +0 ring mail {MR+}
rNeg   . . .     rCorr    .     (no shield)
rPois  .         rRot     .     (no helmet)
rElec  .         Spirit   .     (no cloak)
SustAb .         Warding  .     (no gloves)
rMut   .         Stasis   .     (no boots)
Gourm  .                        (no amulet)
MR     +....                    j - +1 ring of strength
                                m - ring of magical power

@: somewhat resistant to hostile enchantments, very unstealthy
A: talons 1, deterioration 1, spit poison 1
a: Spit Poison


You were on level 5 of the Dungeon.
You were hungry.

You visited 1 branch of the dungeon, and saw 5 of its levels.

You collected 163 gold pieces.
You spent 60 gold pieces at shops.

Inventory:

Hand weapons
 a - a cursed +2 spear (weapon)
 b - a +0 blowgun
Missiles
 c - 8 poisoned needles
 g - 30 stones (quivered)
Armour
 e - a +0 ring mail of magic resistance (worn)
 w - a +0 chain mail of poison resistance
Magical devices
 o - a wand of fireball (2)
 p - a wand of enslavement (14)
Comestibles
 f - 3 bread rations
 i - 2 meat rations
 n - a beef jerky
Scrolls
 d - 5 scrolls of identify
 h - 3 scrolls of amnesia
 l - 2 scrolls of magic mapping
 q - a scroll of fog
 r - a scroll of blinking
 t - a scroll of remove curse
Jewellery
 j - a +1 ring of strength (right hand)
 m - a ring of magical power (left hand)
 s - an uncursed ring of see invisible
Potions
 k - a potion of agility
 u - a potion of curing
 v - a potion of heal wounds


   Skills:
 - Level 1.0 Fighting
 + Level 7.2 Polearms
 - Level 2.0 Throwing
 - Level 1.0 Stealth
 - Level 1.0 Spellcasting
 - Level 4.0 Conjurations


You had 7 spell levels left.
You knew the following spells:

 Your Spells              Type           Power        Failure   Level  Hunger
a - Magic Dart            Conj           ##..         10%         1    ##.....


Dungeon Overview and Level Annotations

Branches:
Dungeon (5/15)
 Temple: D:4-7

Altars:
Nemelex Xobeh
Zin

Annotations:
D:3 Grinder
D:5 FiftyNine's ghost, experienced HuWn


Innate Abilities, Weirdness & Mutations

You have sharp toenails.
Your body is slowly deteriorating.
You can spit poison.


Message History

Aiming: Magic Dart
Press: ? - help, Shift-Dir - straight line, f/p - FiftyNine's ghost
Aim: FiftyNine's ghost (lightly damaged)
The magic dart hits FiftyNine's ghost.
FiftyNine's ghost is lightly damaged.
Casting: Magic Dart
Confirm with . or Enter, or press ? or * to list all spells.
Aiming: Magic Dart
Press: ? - help, Shift-Dir - straight line, f/p - FiftyNine's ghost
Aim: FiftyNine's ghost (lightly damaged)
The magic dart hits FiftyNine's ghost.
FiftyNine's ghost is lightly damaged.
FiftyNine's ghost gestures at you while chanting.
The stone arrow hits you! FiftyNine's ghost casts a spell at you.
The stone arrow hits you! FiftyNine's ghost casts a spell at you.
The stone arrow hits you!
Ouch! That really hurt!
You die...

*,,,,,<,,,,,,*
*,,,*#'**,,,,*
**#+##.#####+# ,
...........#
,............#
,.........<..######
,.................#
**#########.#####.###
#.W...@...#
#......≈..#
#....≈.≈.≈#
#...≈≈≈≈≈≈#
#....≈###'#
#..≈≈≈#≈≈≈#
#..≈.≈'≈.≈#
#..≈≈≈#≈≈≈#
###########


You could see FiftyNine's ghost.

Vanquished Creatures
  An ice beast (D:3)
  2 hounds (D:4)
  A gnoll shaman (D:4)
  An orc wizard (D:3)
  Terence (D:3)
  A mummy (D:4)
  9 adders
  3 gnolls (D:4)
  4 worms
  3 giant geckos
  2 oozes
  6 orcs
  A ball python (D:2)
  16 bats
  2 giant cockroaches
  8 goblins
  11 hobgoblins
  3 jackals (D:2)
  6 quokkas
  7 giant newts
  A hobgoblin zombie (D:4)
  4 kobolds
  2 kobold zombies (D:4)
  An orc zombie (D:4)
  8 rats
104 creatures vanquished.

Notes
Turn   | Place    | Note
--------------------------------------------------------------
     0 | D:1      | FiftyNine, the Human Wanderer, began the quest for the Orb.
     0 | D:1      | Reached XP level 1. HP: 15/15 MP: 2/2
    51 | D:1      | Reached XP level 2. HP: 7/21 MP: 3/3
   590 | D:1      | Reached XP level 3. HP: 14/26 MP: 4/4
  1238 | D:2      | Reached XP level 4. HP: 28/32 MP: 4/5
  1397 | D:2      | Noticed a scorpion
  2395 | D:3      | Reached XP level 5. HP: 20/37 MP: 7/7
  2539 | D:3      | Found Zin's Purification Station.
  2539 | D:3      | Noticed Grinder
  2539 | D:3      | Paralysed by Grinder for 7 turns
  2666 | D:3      | Noticed an ice beast
  2740 | D:3      | You fall through a shaft for 2 floors!
  2740 | D:5      | Entered Level 5 of the Dungeon
  2886 | D:4      | Reached skill level 5 in Polearms
  2950 | D:4      | HP: 1/37 [gnoll (4)]
  3306 | D:4      | Reached XP level 6. HP: 43/43 MP: 8/8
  4052 | D:4      | Reached skill level 6 in Polearms
  4602 | D:3      | Found a sparkling altar of Nemelex Xobeh.
  4641 | D:3      | Found a glowing silver altar of Zin.
  4646 | D:3      | Bought a potion of curing for 60 gold pieces
  5101 | D:3      | Noticed Terence
  5125 | D:3      | Killed Terence
  5125 | D:3      | Reached XP level 7. HP: 27/48 MP: 9/9
  5274 | D:3      | Killed an ice beast
  5274 | D:3      | Reached skill level 7 in Polearms
  5523 | D:3      | Gained mutation: You can spit poison. [potion of mutation]
  5523 | D:3      | Gained mutation: Your body is slowly deteriorating. [potion of mutation]
  5523 | D:3      | Gained mutation: You have sharp toenails. [potion of mutation]
  5693 | D:5      | Noticed FiftyNine's ghost (experienced HuWn)
  5701 | D:5      | Killed from afar by FiftyNine's ghost

Action                   |  1- 3 |  4- 6 |  7- 9 || total
-------------------------+-------+-------+-------++-------
Melee: Spear             |   112 |   402 |    37 ||   551
Throw: Stone             |     3 |    14 |       ||    17
 Cast: Magic Dart        |       |    15 |     8 ||    23
Evoke: Wand              |       |     2 |     1 ||     3
  Use: Scroll            |       |    13 |       ||    13
       Potion            |       |     6 |     1 ||     7
 Stab: Distracted        |       |     1 |       ||     1
  Eat: Chunk             |     1 |    10 |       ||    11
       Fruit             |       |     4 |       ||     4
       Beef jerky        |       |       |     1 ||     1
